 Dungeon Crawl Stone Soup version 0.24.0-13-gcf9b319 (webtiles) character file.

Game seed: 10157527891992878271, levelgen mode: deterministic

2905 Bronimir the Ogre Mage (level 9, 0/89 HPs)
             Began as an Ogre Fire Elementalist on Apr 21, 2020.
             Was a Follower of Vehumet.
             Slain by Joseph
             ... wielding a cursed -3 hunting sling
              (3 damage)
             ... on level 7 of the Dungeon.
             The game lasted 00:38:00 (11807 turns).

Bronimir the Ogre Mage (Ogre Fire Elementalist)    Turns: 11807, Time: 00:38:00

Health: 0/89       AC:  4    Str: 16    XL:     9   Next: 78%
Magic:  14/17      EV: 17    Int: 17    God:    Vehumet [*.....]
Gold:   133        SH:  0    Dex: 14    Spells: 3/19 levels left

rFire    + . .     SeeInvis .   a - +1 hand axe (flame)
rCold    . . .     Gourm    .   (no shield)
rNeg     . . .     Faith    .   b - +1 robe
rPois    .         Spirit   .   (helmet restricted)
rElec    .         Reflect  .   G - scarf {cloud immunity}
rCorr    .         Harm     .   (gloves unavailable)
MR       .....                  (boots unavailable)
Stlth    +++.......             (no amulet)
HPRegen  0.24/turn              (no ring)
MPRegen  0.15/turn              o - ring of protection from fire

@: agile
A: large, unfitting armour, tough skin 1
a: Renounce Religion


You were on level 7 of the Dungeon.
You worshipped Vehumet.
Vehumet was aware of your devotion.
You were not hungry.

You visited 2 branches of the dungeon, and saw 10 of its levels.

You collected 231 gold pieces.
You spent 98 gold pieces at shops.

Inventory:

Hand Weapons
 a - a +1 hand axe of flaming (weapon)
 l - a +1 spear
 p - a +2 short sword of protection
 v - a +0 flail
 x - a +0 war axe
 F - a +2 whip of venom
Missiles
 h - 126 stones
 j - 78 bolts
 t - 77 sling bullets
 w - 115 arrows
 A - 8 poisoned darts (quivered)
Armour
 b - a +1 robe (worn)
 G - a scarf of cloud immunity (worn)
Jewellery
 k - an uncursed ring of ice
 o - a ring of protection from fire (right hand)
 I - an uncursed ring of magical power
Wands
 D - a wand of acid (2)
 E - a wand of flame (27)
Scrolls
 m - 6 scrolls of remove curse {unknown}
 r - 7 scrolls of identify
 y - a scroll of enchant armour
Potions
 d - a potion of agility
 f - 2 potions of haste
 q - a potion of mutation {unknown}
 s - a potion of flight {unknown}
 u - a potion of degeneration {unknown}
 B - a potion of brilliance {unknown}
Comestibles
 c - 13 rations
 g - 3 chunks of flesh


   Skills:
 * Level 5.8 Fighting
 + Level 4.6(4.9) Axes
 + Level 1.3(3.0) Maces & Flails
 + Level 0.7(3.0) Polearms
 + Level 1.6 Throwing
 * Level 5.3 Dodging
 - Level 1.4 Stealth
 + Level 5.9 Spellcasting
 * Level 4.3 Conjurations
 * Level 5.3 Fire Magic
 + Level 0.9 Earth Magic
 * Level 2.6 Evocations


You had 3 spell levels left.
You knew the following spells:

 Your Spells              Type           Power        Failure   Level  Hunger
a - Flame Tongue          Conj/Fire      ###..        1%          1    None
b - Throw Flame           Conj/Fire      ###...       2%          2    None
c - Conjure Flame         Conj/Fire      ###.....     5%          3    ##.....
d - Sticky Flame          Conj/Fire      ###.....     17%         4    ####...
e - Sandblast             Erth           #.....       9%          1    None
f - Fireball              Conj/Fire      ###.......   43%         5    #####..

Your spell library contained the following spells:

 Spells                   Type           Power        Failure   Level  Hunger
 Inner Flame              Hex/Fire       ##......     13%         3    ##.....


Dungeon Overview and Level Annotations

Branches:
Dungeon (9/15)             Temple (1/1) D:4             Orc (0/2) D:9
   Lair: D:8-11

Altars:
Ashenzari
Cheibriados
Dithmenos
Fedhas
Hepliaklqana
Kikubaaqudgha
Makhleb
Nemelex Xobeh
Sif Muna
Trog
Vehumet
Yredelemnul
Zin

Shops:
D:6 [

Annotations:
D:7 Joseph
D:8 1 transporter


Innate Abilities, Weirdness & Mutations

You are too large for most types of armour.
You have tough skin. (AC +1)


Message History

It is a scroll of enchant armour.
Your +0 robe glows green for a moment.
Joseph burns!
As you read the scroll labeled NAYSTR ROHUSU, it crumbles to dust.
It is a scroll of amnesia.
Really abort (and waste the scroll)?
Okay, then.
Joseph burns!
Joseph hits you with a cursed -3 hunting sling!
* * * LOW HITPOINT WARNING * * *
As you read the scroll labeled VATWAGUNLO, it crumbles to dust.
You feel aware of your surroundings.
You sensed 1 shop/portal.
It was a scroll of magic mapping.
Joseph burns!
Joseph hits you with a cursed -3 hunting sling.
* * * LOW HITPOINT WARNING * * *
As you read the scroll labeled KUVULI XOLO, it crumbles to dust.
It is a scroll of identify.
I - an uncursed ring of magical power Joseph burns!
Joseph stops burning.
Joseph hits you with a cursed -3 hunting sling.
You die...

##.# #...# #........(#** #.#
#...# ##.........#,,
##.######...# #..........#,*
.).....##...# ###'#†#####..,
##.###.##...##########.#.#####..#
........'...'..).......))).......
##.###.##...######.....#........#
...###'##...######(#####.........
.>......<.......@@.# #...#######.
...........#######.###...##### *,
##.........#** ##..........# **
##.........#.# #......###.# *
#...........#** #......# *,* *
#.........#.#,***#...####**,* **
#####'###.#.#,,,,+...+,,,,*,* *,
******,,,,.#,#,***#@..#**#.#.# *,
,,,,,,,,,,.#,,,,,.'...# #.#.# *,


You could see Joseph.

Vanquished Creatures
  A spriggan (D:7)
  A hungry ghost (D:9)
  3 water moccasins
  An orc warrior (D:7)
  A sky beast (D:7)
  A phantom (D:5)
  4 centaurs (D:6)
  3 ogres
  3 bullfrogs
  A wyvern skeleton (D:5)
  2 scorpions (D:6)
  5 crimson imps
  A centaur zombie (D:7)
  A bullfrog zombie (D:6)
  2 hounds (D:4)
  A bullfrog skeleton (D:4)
  2 centaur skeletons
  An orc priest (D:6)
  2 jellies
  7 orc wizards
  2 iguanas
  6 worker ants
  A killer bee zombie (D:9)
  A hound skeleton (D:4)
  11 adders
  An ooze (D:2)
  2 adder skeletons (D:5)
  5 worms
  A dart slug (D:3)
  4 leopard geckos
  19 orcs
  2 ball pythons
  4 giant cockroaches
  9 goblins
  11 hobgoblins
  10 jackals
  4 quokkas
  4 bats
  5 frilled lizards
  9 kobolds
  11 rats
165 creatures vanquished.

Vanquished Creatures (others)
  A black bear (D:7)
  A jelly (D:6)
2 creatures vanquished.

Grand Total: 167 creatures vanquished

Notes
Turn   | Place    | Note
-------+----------+-------------------------------------------
     0 | D:1      | Bronimir the Ogre Fire Elementalist began the quest for the
                  | Orb.
     0 | D:1      | Reached XP level 1. HP: 16/16 MP: 3/3
   132 | D:1      | Reached skill level 1 in Conjurations
   132 | D:1      | Reached XP level 2. HP: 24/24 MP: 0/5
   712 | D:2      | Reached XP level 3. HP: 28/31 MP: 2/7
  1106 | D:2      | Reached XP level 4. HP: 37/40 MP: 0/9
  1195 | D:2      | HP: 1/40 [kobold/stone (3)]
  1724 | D:3      | Reached skill level 1 in Fighting
  2088 | D:2      | Reached XP level 5. HP: 20/48 MP: 3/11
  3373 | D:3      | Learned a level 2 spell: Throw Flame
  3377 | D:3      | Learned a level 3 spell: Conjure Flame
  3382 | D:3      | Learned a level 4 spell: Sticky Flame
  3689 | D:3      | Reached skill level 1 in Maces & Flails
  3694 | D:3      | Reached XP level 6. HP: 33/57 MP: 1/12
  5286 | D:4      | Found a staircase to the Ecumenical Temple.
  5317 | D:5      | Entered Level 5 of the Dungeon
  5333 | Temple   | Entered the Ecumenical Temple
  5343 | Temple   | Became a worshipper of Vehumet
  5470 | D:4      | Found a shattered altar of Ashenzari.
  5701 | D:5      | Noticed a black bear
  6037 | D:5      | Reached XP level 7. HP: 46/66 MP: 7/14
  6155 | D:5      | Reached skill level 1 in Axes
  6155 | D:5      | Reached skill level 5 in Spellcasting
  7423 | D:5      | Found a shimmering blue altar of Sif Muna.
  7423 | D:5      | Found a glowing silver altar of Zin.
  7428 | D:5      | Found a bloodstained altar of Trog.
  7430 | D:5      | Found a blossoming altar of Fedhas.
  7432 | D:5      | Found a snail-covered altar of Cheibriados.
  7730 | D:6      | Reached XP level 8. HP: 42/75 MP: 2/15
  8721 | D:6      | Reached skill level 1 in Throwing
  8721 | D:6      | Reached skill level 1 in Evocations
  8725 | D:6      | Reached * piety under Vehumet
  8725 | D:6      | Offered knowledge of Sandblast by Vehumet.
  9391 | D:6      | Found Mikeosougg's Armour Shoppe.
  9398 | D:6      | Learned a level 1 spell: Sandblast
  9404 | D:6      | Learned a level 5 spell: Fireball
  9476 | D:6      | Bought a scarf of cloud immunity for 98 gold pieces
 10008 | D:7      | Noticed a spriggan baker
 10017 | D:7      | Killed a spriggan baker
 10017 | D:7      | Reached XP level 9. HP: 75/85 MP: 9/17
 10641 | D:7      | You fall into a shaft and drop 2 floors!
 10656 | D:9      | Reached skill level 5 in Fighting
 10773 | D:9      | Noticed a troll
 10774 | D:9      | Found a staircase to the Orcish Mines.
 10794 | D:9      | Reached skill level 5 in Fire Magic
 10817 | D:9      | Reached skill level 5 in Dodging
 11057 | D:8      | Noticed a hornet
 11061 | D:8      | Found a transporter.
 11064 | D:7      | Noticed a manticore
 11151 | D:7      | Noticed Joseph
 11805 | D:7      | HP: 4/89 [Joseph/cursed -3 hunting sling (15)]
 11807 | D:7      | Slain by Joseph

Levels and vault maps discovered:
D:1:      dpeg_arrival_houses_and_road, layout_basic
D:2:      layout_basic, first_ration
D:3:      layout_rooms, grunt_ministairs_6, kennysheep_generic_room_9
D:4:      layout_loops_ring, evilmike_ruin_ashenzari, temple_doors_e
D:5:      layout_rooms, chequers_temple_overflow_minitemple
D:6:      layout_cave_pods, serial_shops,
          nicolae_shop_competitors_out_of_business
D:7:      layout_basic, serial_shops, shop, the_bakery, uniq_joseph
D:8:      layout_rooms, gammafunk_ghost_mausoleum
D:9:      layout_basic, lair_entry_dummy, orc_0_dummy
Temple:   eino_temple_rhombus

Skill      XL: |  1  2  3  4  5  6  7  8  9 |
---------------+----------------------------+-----
Fire Magic     | 3 4 5 |  5.3
Conjurations   | 1 2 3 4 |  4.3
Dodging        | 2 3 4 5 |  5.3
Spellcasting   | 3 4 5 |  5.9
Fighting       | 1 2 3 4 5 |  5.8
Maces & Flails | 1 |  1.3
Axes           | 2 4 |  4.6
Throwing       | 1 |  1.6
Evocations     | 1 2 |  2.6
Polearms       | |  0.7
Stealth        | |  1.4
Earth Magic    | |  0.9

Action                   |  1- 3 |  4- 6 |  7- 9 || total
-------------------------+-------+-------+-------++-------
Melee: Spear             |    34 |    33 |       ||    67
       Unarmed           |     6 |       |       ||     6
       Flail             |       |    80 |       ||    80
       Hand axe          |       |    29 |   350 ||   379
Throw: Dart              |       |       |    39 ||    39
 Cast: Flame Tongue      |    56 |   110 |    29 ||   195
       Sticky Flame      |       |     3 |    34 ||    37
       Sandblast         |       |       |    13 ||    13
       Throw Flame       |       |       |     2 ||     2
Evoke: Wand              |       |       |     5 ||     5
  Use: Potion            |       |     6 |     6 ||    12
       Scroll            |       |     3 |    10 ||    13
 Stab: Sleeping          |     2 |     1 |     1 ||     4
  Eat: Chunk             |     1 |    16 |    20 ||    37
       Ration            |       |       |     2 ||     2
Armor: Robe              |    18 |    65 |    84 ||   167
Dodge: Dodged            |    35 |   160 |   258 ||   453
